 Dungeon Crawl Stone Soup version 0.29-a0-113-g078de9bc30 (webtiles) character file.

Game seed: 15187575106269499152

6517 Sweetruy1997 the Thaumaturge (level 10, -7/66 HPs)
             Began as a Demonspawn Chaos Knight on Feb 13, 2022.
             Was a Plaything of Xom.
             Mangled by a death yak (18 damage)
             ... on level 10 of the Dungeon on Feb 19, 2022.
             The game lasted 00:25:18 (8838 turns).

Sweetruy1997 the Thaumaturge (DsCK)                 Turns: 8838, Time: 00:25:18

Health: -7/66      AC: 12    Str: 13    XL:     10   Next: 69%
Magic:  10/22      EV: 15    Int: 14    God:    Xom [.*....]
Gold:   266        SH:  0    Dex: 19    Spells: 4/25 levels left

rFire   + . .      SeeInvis .   r - +6 falchion "Morgheff" {spect, Dex+3}
rCold   . . .      Faith    .   (no shield)
rNeg    . . .      Spirit   .   b - +2 leather armour
rPois   +          Reflect  .   s - +0 helmet
rElec   .          Harm     .   p - +2 cloak {Stlth+}
rCorr   .          Rampage  .   (no gloves)
Will    .....                   F - +0 pair of boots
Stlth   ++++......              (no amulet)
HPRegen 0.21/turn               c - ring of wizardry
MPRegen 0.18/turn               l - ring of poison resistance

@: very slightly contaminated, unable to read
A: claws 1, thin metallic scales 1, spiny 2, fire resistance 1, frail 1,
inability to read while threatened, MP-powered wands, sturdy frame 1
a: Renounce Religion


You were on level 10 of the Dungeon.
You worshipped Xom.
You were a plaything of Xom.
You visited 1 branch of the dungeon, and saw 10 of its levels.
You also visited: Sewer.

You collected 376 gold pieces.
You spent 110 gold pieces at shops.

Inventory:

Hand Weapons
 o - a +4 quarterstaff of chaos
 r - the +6 falchion "Morgheff" (weapon) {spect, Dex+3}
   (You found it on level 5 of the Dungeon)

   When its wielder attacks, the weapon's spirit leaps out and strikes again.
   The spirit shares a part of any damage it takes with its wielder.
   Dex:       It affects your dexterity (+3).
Missiles
 E - 3 boomerangs
Armour
 b - a +2 leather armour (worn)
 p - a +2 cloak of stealth (worn)
 s - a +0 helmet (worn)
 F - a +0 pair of boots (worn)
Jewellery
 c - a ring of wizardry (left claw)
 l - a ring of poison resistance (right claw)
 y - a ring of fire
 A - a ring of ice
Wands
 m - a wand of flame (49)
 B - a wand of acid (6)
 G - a wand of polymorph (2)
Scrolls
 d - 2 scrolls of fog
 f - 2 scrolls of enchant weapon {unknown}
 g - 2 scrolls of enchant armour {unknown}
 h - 2 scrolls of fear
 k - 5 scrolls of teleportation
 q - 3 scrolls of torment {unknown}
 x - a scroll of amnesia {unknown}
 z - a scroll of blinking {unknown}
 D - a scroll of noise {unknown}
Potions
 a - a potion of lignification {unknown}
 e - 2 potions of ambrosia {unknown}
 i - 6 potions of curing
 j - 2 potions of berserk rage
 n - 2 potions of haste {unknown}
 t - 3 potions of brilliance
 u - 3 potions of heal wounds
 v - a potion of degeneration {unknown}
 w - a potion of magic {unknown}
 C - a potion of invisibility {unknown}


   Skills:
 - Level 5.0 Fighting
 - Level 4.9 Long Blades
 + Level 5.0 Staves
 + Level 0.4 Throwing
 - Level 3.0 Armour
 - Level 5.0 Dodging
 - Level 3.0 Stealth
 + Level 8.2 Spellcasting
 + Level 0.7 Conjurations
 + Level 8.0 Hexes


You had 4 spell levels left.
You knew the following spells:

 Your Spells              Type           Power      Damage    Failure   Level
a - Sublimation of Blood  Necr           5%         N/A       9%          2
b - Confusing Touch       Hex            28%        N/A       1%          3
c - Dazzling Flash        Conj/Hex       36%        N/A       2%          3
d - Ignite Poison         Fire/Tmut/Pois 5%         N/A       16%         3
e - Mephitic Cloud        Conj/Pois/Air  6%         N/A       14%         3
f - Static Discharge      Conj/Air       6%         N/A       7%          2
g - Silence               Hex/Air        8%         N/A       26%         5

Your spell library contained the following spells:

 Spells                   Type           Power      Damage    Failure   Level
 Sticky Flame             Conj/Fire      6%         2d3       38%         4
 Dispel Undead            Necr           5%         3d7       45%         4
 Petrify                  Tmut/Erth      5%         N/A       45%         4
 Yara's Violent Unravell  Hex/Tmut       8%         3d5       26%         5
 Irradiate                Conj/Tmut      3%         3d14      73%         5
 Freezing Cloud           Conj/Ice/Air   3%         6-21      75%         5
 Agony                    Necr           5%         N/A       78%         5
 Enfeeble                 Hex            14%        N/A       82%         7


Dungeon Overview and Level Annotations

Branches:
Dungeon (10/15)            Temple (0/1) D:7            Lair (0/6) D:10
    Orc (0/2) D:9           Sewer (visited)

Altars:
Dithmenos
Fedhas
Gozag
Nemelex Xobeh
Okawaru
Sif Muna
Vehumet
The Shining One

Shops:
D:1 !   D:3 (   D:4 (


Innate Abilities, Weirdness & Mutations

You have sharp fingernails.
You are partially covered in thin metallic scales. (AC +2)
You are mostly covered in sharp spines.
Your flesh is heat resistant. (rF+)
You are frail. (-10% HP)
You sometimes lose the ability to read scrolls when taking damage.
You expend magic power (3 MP) to strengthen your wands.
Your movements are slightly less encumbered by armour. (ER -2)


Message History

Unknown command.
You hit the death yak but do no damage.
The death yak is moderately wounded.
Your +6 falchion "Morgheff" {spect, Dex+3} hits the death yak.
The death yak closely misses you.
Casting: Static Discharge (safe; 7% risk of failure)
Confirm with . or Enter, or press ? or * to list all spells.
Casting: Dazzling Flash (dangerous; 2% risk of failure)
Press: ? - help, Dir - look around, f - activate You miscast Dazzling Flash.
You are very lightly contaminated with residual magic.
Nothing appears to happen.
The death yak closely misses you. The death yak is struck by your spines.
The death yak gores you but does no damage.
Casting: Dazzling Flash (dangerous; 2% risk of failure)
Confirm with . or Enter, or press ? or * to list all spells.
Casting: Dazzling Flash (dangerous; 2% risk of failure)
Press: ? - help, Dir - look around, f - activate The death yak gores you but does no damage.
The death yak closely misses you.
Casting: Dazzling Flash (dangerous; 2% risk of failure)
Confirm with . or Enter, or press ? or * to list all spells.
Casting: Dazzling Flash (dangerous; 2% risk of failure)
Press: ? - help, Dir - look around, f - activate You miscast Dazzling Flash.
Nothing appears to happen.
The death yak is struck by your spines.
The death yak gores you but does no damage.
The death yak gores you. The death yak gores you!!
You feel threatened and lose the ability to read scrolls!
Casting: Dazzling Flash (dangerous; 2% risk of failure)
Confirm with . or Enter, or press ? or * to list all spells.
Casting: Dazzling Flash (dangerous; 2% risk of failure)
Press: ? - help, Dir - look around, f - activate The death yak is dazzled.
The death yak gores you but does no damage.
The death yak is struck by your spines. The death yak gores you!!
* * * LOW HITPOINT WARNING * * *
The death yak gores you!!
You die...
Xom roars with laughter!

#.###..####...÷÷...##>##.# #.
#<.....†..........##.#
##.###..###.######.....##.#
.####...##..# #..........)....#
........!...###...####†..##..##
#####...##.###..÷.# ##.###....
##.#######....# #.# #..## #.
#.........#####......# #.
##...Y@.........#.##.# ##
#...YY....####.#.##.#
#...#.....# #.# ##.#
#.........## #.# #.#
......>....# ... #.#
........#... .>...#$....## ....
.......


You could see 3 death yaks.

Vanquished Creatures
  A two-headed ogre (D:7)
  A rime drake (shapeshifter) (D:6)
  A troll (D:9)
  A hornet (D:8)
  Grinder (D:6)
  Sigmund (D:3)
  5 yaks (D:8)
  A wyvern (D:9)
  A vampire (D:10)
  2 vampire mosquitoes (D:10)
  An acid dragon (D:10)
  An orc warrior (D:9)
  2 sky beasts (D:7)
  2 black bears
  2 ice beasts (D:7)
  3 necrophages
  An ogre (D:7)
  2 phantoms (D:6)
  7 bullfrogs
  A wyvern zombie (D:6)
  5 wights (D:9)
  3 howler monkeys
  A centaur zombie (D:6)
  A bullfrog zombie (D:4)
  A bullfrog skeleton (D:3)
  2 orc priests
  Crazy Yiuf (D:3)
  A centaur skeleton (D:5)
  3 hounds
  7 orc wizards
  Natasha (thrice) (D:2)
  3 hell rats (D:10)
  A killer bee zombie (D:6)
  2 howler monkey zombies
  4 adders
  2 gnolls
  3 river rats
  2 shadow imps
  2 white imps
  An ufetubus (D:5)
  7 worms
  2 dart slugs (D:1)
  31 orcs
  4 bats (D:1)
  2 endoplasms
  5 giant cockroaches
  8 goblins
  A hobgoblin (D:3)
  2 jackals (D:2)
  5 quokkas
  8 ball pythons
  10 frilled lizards
  2 goblin zombies (D:8)
  3 hobgoblin zombies (D:8)
  6 kobolds
  3 kobold skeletons (D:8)
  A kobold zombie (D:8)
  2 orc zombies (D:8)
  23 rats
210 creatures vanquished.

Vanquished Creatures (collateral kills)
  A two-headed ogre (D:9)
1 creature vanquished.

Vanquished Creatures (others)
  4 fungi (D:3)
4 creatures vanquished.

Grand Total: 215 creatures vanquished

Notes
Turn   | Place    | Note
-------+----------+-------------------------------------------
     0 | D:1      | Sweetruy1997 the Demonspawn Chaos Knight began the quest
                  | for the Orb.
     0 | D:1      | Reached XP level 1. HP: 18/18 MP: 1/1
    77 | D:1      | XOM: smoke on damage
   131 | D:1      | XOM: potion effect (berserk rage)
   133 | D:1      | Gained mutation: You are partially covered in sharp spines.
                  | [demonic ancestry]
   133 | D:1      | Reached XP level 2. HP: 24/24 MP: 2/2
   136 | D:1      | Reached skill level 1 in Dodging
   254 | D:1      | XOM: silly message
   430 | D:1      | Found Dudipn's Distillery.
   439 | D:1      | Bought a potion of attraction for 30 gold pieces
   527 | D:1      | Reached XP level 3. HP: 24/29 MP: 3/3
   618 | D:1      | XOM: silly message
   713 | D:1      | Found a faded altar of an unknown god.
   718 | D:1      | XOM: silly message
   859 | D:2      | XOM is BORED!
   859 | D:2      | XOM: 3-stop teleportation journey
  1048 | D:2      | Noticed Natasha
  1052 | D:2      | Killed Natasha
  1053 | D:2      | Gained mutation: You are mostly covered in sharp spines.
                  | [demonic ancestry]
  1053 | D:2      | Reached XP level 4. HP: 28/35 MP: 4/4
  1250 | D:2      | Noticed Natasha
  1259 | D:2      | Killed Natasha
  1282 | D:2      | Noticed Natasha
  1287 | D:2      | Killed Natasha
  1288 | D:2      | Gained mutation: You have sharp fingernails. [demonic
                  | ancestry]
  1288 | D:2      | Reached XP level 5. HP: 29/42 MP: 5/5
  1442 | D:2      | XOM: stat loss: -1 Dex (13/14)
  1565 | D:3      | XOM: cast spell 'Summon Ice Beast'
  1587 | D:3      | Found Fajohur's Weapon Emporium.
  1603 | D:3      | XOM: summons 2 hostile demons
  1631 | D:3      | Reached skill level 1 in Stealth
  1849 | D:3      | Reached XP level 6. HP: 48/48 MP: 6/6
  1874 | D:3      | Found a glowing drain.
  1894 | Sewer    | Entered a sewer
  2002 | Sewer    | Learned a level 2 spell: Sublimation of Blood
  2006 | Sewer    | Learned a level 3 spell: Confusing Touch
  2445 | D:3      | XOM: divination: detect creatures
  2727 | D:3      | Found a shimmering blue altar of Sif Muna.
  2751 | D:3      | Noticed Sigmund
  2762 | D:3      | Killed Sigmund
  2904 | D:3      | Found a runed translucent door.
  2905 | D:3      | Noticed Crazy Yiuf
  3115 | D:3      | Found an iron altar of Okawaru.
  3116 | D:3      | XOM: confusion (+ monsters)
  3118 | D:3      | XOM: enchant monster (bad)
  3280 | D:3      | Killed Crazy Yiuf
  3281 | D:3      | Reached XP level 7. HP: 26/54 MP: 3/7
  3610 | D:4      | Found a sparkling altar of Nemelex Xobeh.
  3820 | D:1      | Bought a potion of heal wounds for 50 gold pieces
  3820 | D:1      | Bought a potion of curing for 30 gold pieces
  3917 | D:4      | Found Ginniykk's Weapon Boutique.
  4007 | D:4      | Gained mutation: You are agile. (Dex +2) [potion of
                  | mutation]
  4008 | D:4      | Lost mutation: You are agile. (Dex +2) [potion of mutation]
  4008 | D:4      | Gained mutation: You are strong-willed. (Will+) [potion of
                  | mutation]
  4008 | D:4      | Gained mutation: You sometimes lose the ability to read
                  | scrolls when taking damage. [potion of mutation]
  4008 | D:4      | Gained mutation: Your muscles are strong. (Str +2) [potion
                  | of mutation]
  4027 | D:4      | Reached skill level 1 in Hexes
  4318 | D:5      | Entered Level 5 of the Dungeon
  4327 | D:5      | Reached skill level 1 in Spellcasting
  4459 | D:5      | Reached skill level 1 in Staves
  4464 | D:5      | Identified the +6 falchion "Morgheff" {spect, Dex+3}
  5092 | D:6      | Found an opulent altar of Gozag.
  5131 | D:6      | Noticed Grinder
  5136 | D:6      | Killed Grinder
  5137 | D:6      | Reached skill level 5 in Fighting
  5137 | D:6      | Reached XP level 8. HP: 47/62 MP: 9/11
  5207 | D:6      | XOM: silly message
  5279 | D:6      | Learned a level 3 spell: Dazzling Flash
  5537 | D:6      | Found a shadowy altar of Dithmenos.
  5570 | D:6      | Noticed a shapeshifter
  5570 | D:6      | an iguana changed into a shapeshifter
  5570 | D:6      | XOM: polymorph iguana -> shapeshifter
  5573 | D:6      | Noticed a rime drake
  5573 | D:6      | a shapeshifter changed into a rime drake
  5575 | D:6      | Killed a rime drake
  5591 | D:6      | XOM: god gift: 36 gold pieces
  5602 | D:6      | XOM: silly message
  5837 | D:7      | Gained mutation: You are partially covered in thin metallic
                  | scales. (AC +2) [demonic ancestry]
  5837 | D:7      | Reached XP level 9. HP: 68/68 MP: 15/15
  6004 | D:7      | Found a blossoming altar of Fedhas.
  6055 | D:7      | XOM: 1-stop teleportation journey
  6063 | D:7      | XOM: enchant monster (good)
  6064 | D:7      | Reached skill level 5 in Spellcasting
  6066 | D:7      | Found a staircase to the Ecumenical Temple.
  6146 | D:7      | Noticed a two-headed ogre
  6157 | D:7      | XOM: confuse monster(s)
  6159 | D:7      | Killed a two-headed ogre
  6160 | D:7      | Reached skill level 5 in Hexes
  6332 | D:7      | XOM: 2-stop teleportation journey
  6388 | D:7      | Reached skill level 5 in Dodging
  6601 | D:8      | XOM: give mutations
  6601 | D:8      | Lost mutation: Your muscles are strong. (Str +2) [Xom's
                  | mischief]
  6601 | D:8      | Gained mutation: You expend magic power (3 MP) to
                  | strengthen your wands. [Xom's mischief]
  6606 | D:8      | Learned a level 3 spell: Ignite Poison
  6610 | D:8      | Learned a level 3 spell: Mephitic Cloud
  6610 | D:8      | Found a radiant altar of Vehumet.
  6683 | D:8      | Reached XP level 10. HP: 18/74 MP: 15/19
  7515 | D:9      | XOM: summons friendly quasit
  7730 | D:9      | Noticed a two-headed ogre
  7743 | D:9      | Killed a two-headed ogre
  7747 | D:9      | Learned a level 2 spell: Static Discharge
  7856 | D:9      | Upgraded the game from 0.29-a0-96-g93358da72b to
                  | 0.29-a0-113-g078de9bc30
  7882 | D:9      | Learned a level 5 spell: Silence
  7903 | D:9      | Reached skill level 5 in Staves
  7974 | D:9      | Lost mutation: You are strong-willed. (Will+) [potion of
                  | mutation]
  7974 | D:9      | Lost mutation: You sometimes lose the ability to read
                  | scrolls when taking damage. [potion of mutation]
  7974 | D:9      | Gained mutation: You sometimes lose the ability to read
                  | scrolls when taking damage. [potion of mutation]
  7974 | D:9      | Gained mutation: You are frail. (-10% HP) [potion of
                  | mutation]
  7974 | D:9      | Gained mutation: Your movements are slightly less
                  | encumbered by armour. (ER -2) [potion of mutation]
  7974 | D:9      | Gained mutation: Your flesh is heat resistant. (rF+)
                  | [potion of mutation]
  8134 | D:9      | Found a staircase to the Orcish Mines.
  8495 | D:10     | Entered Level 10 of the Dungeon
  8521 | D:10     | Noticed a death yak
  8523 | D:10     | Noticed a death yak
  8524 | D:10     | Noticed a death yak
  8526 | D:10     | XOM: 7-stop teleportation journey
  8587 | D:10     | XOM: potion effect (haste)
  8825 | D:10     | XOM: blink monster(s)
  8828 | D:10     | Found a staircase to the Lair.
  8838 | D:10     | Mangled by a death yak

Illustrated notes

Levels and vault maps discovered:
D:1:      minmay_arrival_open_corners, layout_loops_ring,
          shapermc_ecumenical_altar_mp_highgroup, serial_shops, shop,
          minmay_misc_feat_more_columns
D:2:      layout_basic, nicolae_wormholes, uniq_natasha
D:3:      layout_loops_ring, okawaru_altar_gauntlet_db,
          mainiacjoe_overflow_boulevard, serial_shops, shop,
          gup_sewer_entry_bubbles, uniq_sigmund, uniq_crazy_yiuf_cottage
D:4:      layout_loops_cross, nemelex_xobeh_ov_fountains_minmay, serial_shops,
          shop
D:5:      layout_loops_ring
D:6:      layout_cave_pools, nicolae_dithmenos_through_a_glass_darkly,
          grunt_gozag_breadcrumbs, uniq_grinder
D:7:      layout_rooms, fedhas_altar_2, minmay_temple_entry_statues_pillars
D:8:      layout_loops_ring, nicolae_tso_besieged_by_evil, vehumet_altar_wand_db
D:9:      layout_basic, orc_0_dummy
D:10:     layout_loops_ring, kennysheep_little_box, dpeg_lair_monsters

Skill      XL: |  1  2  3  4  5  6  7  8  9 10 |
---------------+-------------------------------+-----
Armour         | 2 3 |  3.0
Dodging        | 1 2 3 4 5 |  5.0
Long Blades    | 3 4 |  4.9
Fighting       | 4 5 |  5.0
Stealth        | 1 2 3 |  3.0
Hexes          | 2 4 6 8 |  8.0
Spellcasting   | 2 4 6 8 |  8.2
Staves         | 1 3 4 5 |  5.0
Throwing       | |  0.4
Conjurations   | |  0.7

Action                   |  1- 3 |  4- 6 |  7- 9 | 10-12 || total
-------------------------+-------+-------+-------+-------++-------
Melee: Falchion          |    72 |   123 |   108 |   106 ||   409
       Quarterstaff      |       |       |    26 |       ||    26
       Punch             |       |       |     2 |     2 ||     4
Throw: Throwing net      |     7 |       |       |       ||     7
 Cast: Confusing Touch   |       |     2 |    10 |    12 ||    24
       Dazzling Flash    |       |       |     1 |     3 ||     4
       Static Discharge  |       |       |       |     1 ||     1
  Use: Potion            |     1 |       |     2 |     1 ||     4
       Scroll            |       |     4 |     3 |     1 ||     8
 Stab: Held in net/web   |     1 |       |       |       ||     1
       Sleeping          |     2 |     6 |    12 |     2 ||    22
       Confused          |       |     1 |     7 |     3 ||    11
       Invisible         |       |       |     1 |     1 ||     2
Armor: Leather armour    |    27 |    31 |    29 |    27 ||   114
Dodge: Dodged            |    43 |    70 |    69 |    59 ||   241

Table legend: (Time is in decaauts)
 A = Elapsed time spent in this place.
 B = Non-inter-level travel time spent in this place.
 C = Inter-level travel time spent in this place.
 D = Time resting spent in this place.
 E = Time spent auto-exploring this place.
 F = Levels seen in this place.
 G = Mean time per level.
                   A        B        C        D        E       F      G
               +--------+--------+--------+--------+--------+-----+--------+
         Total |   8932 |   8595 |    337 |    809 |   6144 |  11 |  812.0 |
       Dungeon |   8342 |   8005 |    337 |    709 |   5792 |  10 |  834.2 |
         Sewer |    590 |    590 |      0 |    100 |    352 |   1 |  590.0 |
               +--------+--------+--------+--------+--------+-----+--------+

Top non-repeatable levels by time:
     D:3: 1505 daAuts
     D:9: 1004 daAuts
     D:8: 966 daAuts
     D:1: 886 daAuts
     D:6: 759 daAuts
     D:5: 758 daAuts
     D:4: 739 daAuts
     D:7: 699 daAuts
     D:2: 696 daAuts
   Sewer: 590 daAuts
    D:10: 324 daAuts
